Map: 2000 Atmospheres LE

Players

Nina - Winner!

  • Race: Protoss Protoss

DisK

  • Race: Protoss Protoss

VOD

Have the link to the VOD?

Description

Time

  • Played on: Oct. 9, 2021, 4:36 p.m.
  • Length: 7:44
Show
View Real Time Build Order
Export as new Build Order

Nina Protoss - Winner!

Build Orders:  

Get SALT Encoding   

  12  0:00  Probe  
  13  0:12  Probe  
  14  0:17  Pylon  
  14  0:24  Probe (Chrono Boost)  
  15  0:37  Gateway, Probe (Chrono Boost)  
  16  0:44  Probe (Chrono Boost)  
  16  0:46  Assimilator  
  17  0:51  Probe  
  17  0:54  Assimilator  
  18  1:03  Probe (Chrono Boost)  
  19  1:07  Gateway  
  19  1:12  Probe (Chrono Boost)  
  19  1:17  Probe (Chrono Boost)  
  20  1:24  Cybernetics Core  
  21  1:33  Probe  
  21  1:35  Pylon  
  22  1:45  Probe  
  23  1:58  Probe  
  23  2:00  Stalker x2  
  23  2:01  Warp Gate  
  28  2:10  Probe  
  28  2:12  Pylon  
  29  2:22  Probe  
  30  2:32  Stalker  
  30  2:33  Stalker  
  30  2:34  Probe  
  35  2:41  Pylon  
  35  2:46  Probe  
  37  2:58  Probe  
  37  3:04  Stalker x2  
  40  3:12  Probe  
  41  3:20  Nexus  
  41  3:24  Probe  
  42  3:29  Shield Battery  
  42  3:36  Probe  
  42  3:39  Shield Battery  
  43  3:48  Probe  
  44  4:00  Probe  
  43  4:06  Stalker x2  
  47  4:13  Twilight Council  
  47  4:16  Probe  
  46  4:27  Forge  
  46  4:28  Probe  
  47  4:32  Probe  
  47  4:34  Stalker  
  50  4:38  Blink (Chrono Boost)  
  50  4:40  Probe  
  50  4:41  Stalker  
  50  4:44  Probe  
  54  4:52  Probe  
  54  4:56  Probe, Protoss Ground Weapons Level 1 (Chrono Boost)  
  56  5:01  Pylon  
  56  5:05  Stalker, Probe  
  59  5:08  Probe  
  59  5:13  Pylon  
  60  5:19  Stalker  
  62  5:22  Gateway  
  62  5:28  Gateway  
  62  5:34  Photon Cannon, Stalker  
  64  5:36  Probe  
  64  5:37  Probe  
  66  5:43  Assimilator  
  66  5:46  Stalker  
  66  5:48  Probe  
  69  5:50  Pylon  
  69  5:53  Probe  
  70  5:57  Stalker  
  72  6:09  Stalker  
  73  6:18  Nexus  
  73  6:19  Pylon  
  73  6:20  Stalker  
  73  6:21  Stalker  
  73  6:22  Probe  
  73  6:24  Probe  
  79  6:29  Stalker  
  81  6:34  Robotics Facility  
  81  6:35  Probe  
  81  6:37  Probe  
  83  6:49  Stalker x3  
  87  6:55  Probe  
  88  7:03  Probe  
  88  7:05  Photon Cannon  
  88  7:08  Probe  
  90  7:16  Gateway  
  90  7:18  Gateway  
  90  7:20  Photon Cannon  
Show
View Real Time Build Order
Export as new Build Order

DisK Protoss 

Build Orders: Oracle Opening 

Get SALT Encoding   

  12  0:00  Probe  
  13  0:12  Probe  
  14  0:17  Pylon  
  14  0:24  Probe  
  15  0:35  Gateway  
  15  0:37  Probe (Chrono Boost)  
  16  0:46  Probe (Chrono Boost)  
  16  0:47  Assimilator  
  17  0:51  Probe (Chrono Boost)  
  17  0:55  Assimilator  
  18  1:04  Probe (Chrono Boost)  
  19  1:09  Gateway  
  19  1:13  Probe (Chrono Boost)  
  20  1:21  Probe  
  20  1:24  Cybernetics Core  
  21  1:34  Probe  
  21  1:38  Pylon  
  22  1:46  Probe  
  23  1:59  Probe  
  23  2:01  Stalker x2, Warp Gate (Chrono Boost)  
  28  2:11  Probe  
  29  2:15  Pylon  
  29  2:20  Pylon  
  29  2:30  Pylon  
  28  2:38  Stargate  
  28  2:56  Stalker x2  
  32  3:08  Nexus  
  32  3:14  Shield Battery  
  31  3:24  Oracle (Chrono Boost)  
  34  3:30  Probe  
  35  3:42  Probe  
  35  3:47  Stalker  
  35  3:48  Stalker  
  40  3:54  Probe  
  41  4:15  Pylon  
  41  4:20  Probe (Chrono Boost)  
  41  4:22  Twilight Council, Probe (Chrono Boost)  
  43  4:30  Probe (Chrono Boost)  
  43  4:31  Probe (Chrono Boost)  
  45  4:35  Probe (Chrono Boost)  
  45  4:36  Probe (Chrono Boost)  
  47  4:42  Sentry  
  49  4:46  Probe  
  49  4:51  Probe, Forge  
  51  4:56  Blink (Chrono Boost)  
  51  4:58  Probe  
  52  5:02  Gateway  
  52  5:03  Probe  
  52  5:05  Pylon  
  53  5:10  Probe  
  53  5:13  Protoss Ground Weapons Level 1  
  54  5:15  Probe  
  54  5:16  Assimilator  
  55  5:22  Probe  
  55  5:27  Probe  
  57  5:34  Probe  
  58  5:36  Nexus  
  58  5:41  Probe, Pylon  
  59  5:47  Probe  
  59  5:48  Robotics Facility  
  60  5:50  Stalker  
  60  5:54  Stalker  
  64  5:59  Stalker  
  66  6:07  Probe x2  
  66  6:08  Pylon  
  66  6:11  Gateway  
  68  6:21  Stalker x2  
  68  6:23  Probe  
  68  6:24  Probe  
  74  6:26  Shield Battery  
  74  6:29  Stalker  
  63  6:47  Stalker x2  
  63  6:52  Stalker x3  
  63  6:53  Immortal (Chrono Boost)  
  61  7:05  Stalker  
  61  7:10  Shield Battery  
  61  7:16  Stalker  
  61  7:19  Stalker  
Tags
 
Add a new tag
Caveats
  • Supply blocks, unpowered buildings, or Contaminate may cause inaccurate times.
  • Supply counts are checked every 10 seconds.